 Dungeon Crawl Stone Soup version 0.14-a0-2888-g61d0ccb (webtiles) character file.

2007 Quh the Firebug (level 8, -4/48 HPs)
             Began as a Deep Elf Fire Elementalist on Mar 1, 2014.
             Was a Believer of Vehumet.
             Slain by an orc warrior
             ... wielding a +0,+0 battleaxe
              (23 damage)
             ... on Level 6 of the Dungeon.
             The game lasted 00:35:54 (7007 turns).

Quh the Firebug (Deep Elf Fire Elementalist)        Turns: 7007, Time: 00:35:54

HP  -4/48        AC  5     Str  7      XL: 8   Next: 78%
MP  24/25        EV 14     Int 21      God: Vehumet [**....]
Gold 260         SH  0     Dex 15      Spells:  4 memorised, 10 levels left

rFire  . . .     SeeInvis .     (no weapon)
rCold  . . .     Clarity  .     a - +0 elf robe
rNeg   . . .     Conserve .     (no shield)
rPois  +         rCorr    .     u - +0 helmet
rElec  .         rRot     .     j - +0 cloak
SustAb . .       Spirit   .     (no gloves)
rMut   .         Warding  .     n - +0 pair of boots
Saprov . . .     Stasis   .     (no amulet)
MR     .....                    (no ring)
                                o - ring of poison resistance

@: not resistant to hostile enchantments, fairly stealthy
A: no striking features
a: Renounce Religion


You were on level 6 of the Dungeon.
You worshipped Vehumet.
Vehumet was pleased with you.
You were not hungry.

You visited 1 branch of the dungeon, and saw 7 of its levels.

You collected 260 gold pieces.

Inventory:

Hand weapons
 d - a cursed +2,+2 morningstar of freezing
 F - a +2,+2 scimitar of slicing
 G - a +3,+2 falchion of freezing
Armour
 a - a +0 elven robe (worn)
 j - a +0 cloak (worn)
 n - a +0 pair of boots (worn)
 u - a +0 helmet (worn)
 E - a +0 robe
Magical devices
 f - a wand of draining (7)
 m - a wand of confusion (2)
 v - a wand of slowing (4)
 w - a wand of slowing (5)
 A - a wand of fireball (4)
Comestibles
 c - 2 bread rations
 h - 3 meat rations
 C - 2 chunks of giant frog flesh
 H - a rotting chunk of giant gecko flesh
Scrolls
 i - 3 scrolls of magic mapping
 l - 3 scrolls of remove curse
 t - a scroll of amnesia
 x - a scroll of teleportation {unknown}
 y - a scroll of immolation {unknown}
 z - a scroll of noise {unknown}
 B - a scroll of fear {unknown}
 D - a scroll of enchant weapon I {unknown}
Jewellery
 o - a ring of poison resistance (left hand)
 p - an uncursed amulet of rage
Potions
 e - 7 potions of curing
 g - a potion of magic
 k - 2 potions of brilliance
 q - a potion of heal wounds {unknown}
 r - a potion of berserk rage
 s - 2 potions of restore abilities
Books
 b - a book of Flames

   Spells                             Type                      Level
   *Flame Tongue                      Conjuration/Fire             1
   *Throw Flame                       Conjuration/Fire             2
   Conjure Flame                      Conjuration/Fire             3
   Inner Flame                        Hexes/Fire                   3
   Sticky Flame                       Conjuration/Fire             4
   *Fireball                          Conjuration/Fire             5


   Skills:
 + Level 4.1 Fighting
 + Level 4.7 Dodging
 - Level 2.4 Stealth
 + Level 6.3 Spellcasting
 * Level 6.4 Conjurations
 * Level 7.2 Fire Magic
 - Level 1.0 Evocations


You had 10 spell levels left.
You knew the following spells:

 Your Spells              Type           Power        Failure   Level  Hunger
a - Flame Tongue          Conj/Fire      #####        1%          1    None
b - Throw Flame           Conj/Fire      #####.       1%          2    None
c - Fireball              Conj/Fire      #####.....   21%         5    #####..
d - Sandblast             Erth           #.....       12%         1    None


Dungeon Overview and Level Annotations

Branches:
Dungeon (7/16)             Temple (0/1) D:6

Altars:
Cheibriados
Okawaru
Vehumet
Yredelemnul
Zin


Message History

Aim: an orc warrior, wielding a battleaxe and wearing an orcish plate armour (lightly wounded)
The flame hits the orc warrior.
The orc warrior is lightly wounded.
The orc warrior barely misses you.
Casting: Flame Tongue
Confirm with . or Enter, or press ? or * to list all spells.
Aiming: Flame Tongue
Press: ? - help, Shift-Dir - straight line, f/p - orc warrior
Aim: an orc warrior, wielding a battleaxe and wearing an orcish plate armour (lightly wounded)
The flame misses the orc warrior.
The orc warrior hits you with a battleaxe.
Casting: Flame Tongue
Confirm with . or Enter, or press ? or * to list all spells.
Aiming: Flame Tongue
Press: ? - help, Shift-Dir - straight line, f/p - orc warrior
Aim: an orc warrior, wielding a battleaxe and wearing an orcish plate armour (lightly wounded)
The flame hits the orc warrior.
The orc warrior is moderately wounded.
The orc warrior hits you with a battleaxe!
You die...

#################################
........ยง...(..(..........)......
...######.....................###
##.# #........#####.#####..# #.#
#.......o# #.# #..# #.# #.......@#
#.# #..### #.# #........# #.#
#..... #.# #........# #.# #.....
#.######........# #.#####.####
#............<..#####.......#
##............(.>............#
.............................#
......#######...############.####
#.......# #...# #.....


You could see an orc warrior.

Vanquished Creatures
  The ghost of Quh the Firebug, an experienced DEFE (D:6)
  A hippogriff (D:6)
  A necrophage (D:7)
  2 sky beasts
  An ice beast (D:7)
  3 ogres
  A centaur (D:6)
  A giant frog (D:7)
  4 wights (D:7)
  A giant frog skeleton (D:5)
  2 jellies (D:6)
  A black bear skeleton (D:7)
  A hound (D:6)
  An iguana (D:6)
  A gnoll shaman (D:5)
  3 worker ants
  An ogre zombie (D:5)
  Ijyb (D:5)
  An ogre skeleton (D:5)
  3 adders
  3 gnolls (D:5)
  A giant mite (D:4)
  An ooze (D:2)
  2 orcs (D:3)
  7 bats
  2 giant cockroaches
  13 goblins
  9 hobgoblins
  9 kobolds
  3 quokkas
  A ball python (D:3)
  3 giant geckos
  3 giant newts
  A giant spore (D:6)
  A hobgoblin skeleton (D:6)
  A hobgoblin zombie (D:6)
  13 jackals
  An orc skeleton (D:5)
  4 rats
109 creatures vanquished.

Notes
Turn   | Place    | Note
--------------------------------------------------------------
     0 | D:1      | Quh, the Deep Elf Fire Elementalist, began the quest for the Orb.
     0 | D:1      | Reached XP level 1. HP: 10/10 MP: 5/5
   357 | D:1      | Reached XP level 2. HP: 5/16 MP: 0/8
   552 | D:1      | Learned a level 2 spell: Throw Flame
  1384 | D:2      | Reached skill level 1 in Fighting
  1684 | D:2      | Reached XP level 3. HP: 20/20 MP: 8/11
  1697 | D:2      | Found a basalt altar of Yredelemnul.
  1707 | D:2      | Found a snail-covered altar of Cheibriados.
  1782 | D:2      | Found a radiant altar of Vehumet.
  1790 | D:2      | Became a worshipper of Vehumet
  2096 | D:3      | Noticed an ogre
  2100 | D:3      | Killed an ogre
  2100 | D:3      | Reached skill level 4 in Fire Magic
  2100 | D:3      | Reached XP level 4. HP: 25/25 MP: 5/14
  2202 | D:3      | Reached skill level 1 in Evocations
  2496 | D:3      | Reached XP level 5. HP: 28/30 MP: 10/16
  2503 | D:3      | Learned a level 5 spell: Fireball
  3183 | D:4      | Acquired Vehumet's first power
  3183 | D:4      | Offered knowledge of Freeze by Vehumet.
  3745 | D:5      | Entered Level 5 of the Dungeon
  3800 | D:5      | Noticed a sky beast
  3806 | D:5      | Killed a sky beast
  3806 | D:5      | Reached XP level 6. HP: 24/36 MP: 12/20
  3988 | D:5      | Found an iron altar of Okawaru.
  4055 | D:5      | Noticed Ijyb
  4076 | D:5      | Killed Ijyb
  4475 | D:5      | Reached skill level 5 in Fire Magic
  5028 | D:6      | Reached XP level 7. HP: 21/41 MP: 13/21
  5257 | D:6      | Noticed a hippogriff
  5268 | D:6      | Killed a hippogriff
  5268 | D:6      | Reached skill level 5 in Conjurations
  5394 | D:6      | Found a staircase to the Ecumenical Temple.
  5451 | D:6      | Found a glowing silver altar of Zin.
  5451 | D:6      | Noticed an angel
  5606 | D:6      | Offered knowledge of Sandblast by Vehumet.
  5631 | D:6      | Noticed Quh's ghost (experienced DEFE)
  5639 | D:6      | Killed Quh's ghost
  5639 | D:6      | Reached skill level 5 in Spellcasting
  5639 | D:6      | Reached skill level 6 in Fire Magic
  5639 | D:6      | Reached XP level 8. HP: 28/46 MP: 7/24
  5727 | D:6      | Learned a level 1 spell: Sandblast
  6726 | D:7      | Reached skill level 7 in Fire Magic
  7007 | D:6      | Slain by an orc warrior

Action                   |  1- 3 |  4- 6 |  7- 9 || total
-------------------------+-------+-------+-------++-------
Melee: Unarmed           |     9 |     1 |     4 ||    14
 Cast: Flame Tongue      |    37 |    81 |    69 ||   187
       Throw Flame       |    21 |    69 |    53 ||   143
       Sandblast         |       |       |    11 ||    11
Evoke: Wand              |       |       |     3 ||     3
  Use: Scroll            |     4 |    12 |     1 ||    17
